 Dungeon Crawl Stone Soup version 0.31.0-9-g3a7656b989 (webtiles) character file.

Game seed: 7424943261305061289

121 hikkokomori the Sneak (level 5, -6/30 HPs)
             Began as a Gargoyle Alchemist on Jan 24, 2024.
             Killed by divine providence
             ... invoked by an orc priest
              (16 damage)
             ... on level 2 of the Dungeon.
             The game lasted 00:04:10 (2190 turns).

hikkokomori the Sneak (Gargoyle Alchemist)          Turns: 2190, Time: 00:04:11

Health: -6/30      AC:  9    Str: 11    XL:     5   Next: 5%
Magic:  0/9        EV: 12    Int: 18    God:
Gold:   151        SH:  0    Dex: 10    Spells: 3/9 levels left

rFire   . . .        n - +2 dagger (flame)
rCold   . . .        q - orb {light}
rNeg    + . .        l - +2 animal skin
rPois   ∞            i - +0 helmet
rElec   +            (no cloak)
rCorr   .            (no gloves)
SInv    .            (no boots)
Will    .....        (no amulet)
Stlth   +            (no ring)
HPRegen 0.25/turn    (no ring)
MPRegen 0.11/turn

%: no passive effects
@: glowing
A: sickness immunity, AC +4, negative energy resistance 1, electricity
resistance, torment resistance 1, petrification resistance
a: no special abilities


You were on level 2 of the Dungeon.
You visited 1 branch of the dungeon, and saw 3 of its levels.

You collected 151 gold pieces.

Inventory:

Hand Weapons
 f - a +0 club
 h - a +0 short sword of protection
 n - a +2 dagger of flaming (weapon)
Missiles
 e - 5 javelins
Armour
 a - a +0 robe
 i - a +0 helmet (worn)
 l - a +2 animal skin (worn)
 q - an orb of light (worn)
Scrolls
 d - a scroll of enchant armour {unknown}
 j - a scroll of revelation {unknown}
 p - a scroll of identify {unknown}
 r - a scroll of blinking {unknown}
 s - a scroll of teleportation {unknown}
Potions
 b - a potion of magic
 c - a potion of lignification {unknown}
 g - a potion of haste {unknown}
 k - a potion of attraction {unknown}
 m - a potion of brilliance {unknown}
 o - a potion of mutation {unknown}


   Skills:
 + Level 1.8 Fighting
 - Level 1.6 Dodging
 - Level 3.0 Stealth
 + Level 2.7 Spellcasting
 + Level 2.4 Conjurations
 + Level 0.4 Air Magic
 + Level 3.0 Alchemy


You had 3 spell levels left.
You knew the following spells:

 Your Spells              Type           Power      Damage    Failure   Level
a - Sting                 Conj/Alch      48%        1d6       5%          1
b - Mercury Vapours       Alch/Air       16%        N/A       13%         2
c - Mephitic Cloud        Conj/Alch/Air  9%         N/A       22%         3

Your spell library contained the following spells:

 Spells                   Type           Power      Damage    Failure   Level
 Olgreb's Toxic Radiance  Alch           13%        N/A       43%         4
 Sticky Flame             Fire/Alch      7%         2d4       65%         4


Dungeon Overview and Level Annotations

Branches:
Dungeon (3/15)

Altars:


Innate Abilities, Weirdness & Mutations

You are immune to sickness and miasma.
Your stone body is resilient. (AC +4)
You are immune to poison.
You resist negative energy. (rN+)
You are resistant to electric shocks. (rElec)
You are resistant to unholy torment.
You are immune to petrification.


Message History

You hit the orc. You burn the orc.
You kill the orc!
Your magical contamination has completely faded away.
You hit the orc. You burn the orc.
The orc is almost dead.
The orc misses you.
You hit the orc. You burn the orc.
You kill the orc!
Casting: Sting (safe; 5% risk of failure)
Confirm with . or Enter, or press ? or * to list all spells.
Aiming: Sting (safe; 5% risk of failure)
Press: ? - help, Shift-Dir - straight line, f - orc priest
Aim: an orc priest, wielding a +0 mace and wearing a +0 leather armour (haloed, 81% to hit)
The sting hits the orc priest.
The orc priest is poisoned.
The orc priest is lightly wounded.
The orc priest invokes the aid of Beogh against you.
Beogh smites you!
* * * LOW HITPOINT WARNING * * *
Casting: Sting (safe; 5% risk of failure)
Confirm with . or Enter, or press ? or * to list all spells.
Aiming: Sting (safe; 5% risk of failure)
Press: ? - help, Shift-Dir - straight line, f/p - orc priest
Aim: an orc priest, wielding a +0 mace and wearing a +0 leather armour (lightly wounded, poisoned, haloed, 81% to hit)
The sting hits the orc priest.
The orc priest looks even sicker.
The orc priest is lightly wounded.
The orc priest misses you.
Casting: Sting (safe; 5% risk of failure)
Confirm with . or Enter, or press ? or * to list all spells.
You don't have enough magic to cast this spell.
Unknown command.
Unknown command.
You hit the orc priest. You burn the orc priest.
The orc priest is moderately wounded.
The orc priest closely misses you.
You hit the orc priest. You burn the orc priest.
The orc priest is severely wounded.
The orc priest calls down the wrath of Beogh upon you.
Beogh smites you!
Ouch! That really hurt!
You die...

####### #..[..# ### #.###.#
############.######.###.#
..oooo.).##......†....#.#
########o#.....####.#.#.#
#@..%.)## #.#.#.# # #####.##
#.....# #. #.# ###.### .### #.#
#.# ..# ##+## #.# #.# ##...##
##.## #.## ##.....## #...# #..##
##.......## #...##
#########...####.........###....#


You could see an orc priest (very poisoned).

Vanquished Creatures
  An orc priest (D:2)
  Robin (D:2)
  3 adders (D:2)
  3 orcs (D:2)
  2 endoplasms (D:1)
  2 giant cockroaches
  10 hobgoblins
  A quokka (D:1)
  2 ball pythons
  5 bats
  2 frilled lizards
  12 goblins
  2 kobolds
  3 rats
49 creatures vanquished.

Notes
Turn   | Place    | Note
-------+----------+-------------------------------------------
     0 | D:1      | hikkokomori the Gargoyle Alchemist began the quest for the
                  | Orb.
     0 | D:1      | Reached XP level 1. HP: 10/10 MP: 3/3
   185 | D:1      | Reached XP level 2. HP: 15/15 MP: 1/5
   879 | D:2      | Noticed Robin
   949 | D:3      | Reached XP level 3. HP: 16/20 MP: 3/6
   954 | D:3      | Learned a level 2 spell: Mercury Vapours
   958 | D:3      | Learned a level 3 spell: Mephitic Cloud
  1001 | D:2      | Reached skill level 1 in Fighting
  1085 | D:2      | Killed Robin
  1392 | D:2      | Found a faded altar of an unknown god.
  1451 | D:2      | Reached XP level 4. HP: 25/25 MP: 4/7
  2183 | D:2      | Reached XP level 5. HP: 16/30 MP: 1/9
  2190 | D:2      | Killed from afar by an orc priest

Illustrated notes

Levels and vault maps discovered:
D:1:      lemuel_arrival_rhombus, layout_basic, kennysheep_small_spiral
D:2:      layout_loops_corners, hellmonk_ecumenical_altar_lost_god, uniq_robin
D:3:      layout_basic, kennysheep_cluttered_room

Skill      XL: |  1  2  3  4 |
---------------+-------------+-----
Fighting       | 1 |  1.8
Conjurations   | 2 |  2.4
Stealth        | 3 |  3.0
Alchemy        | 3 |  3.0
Dodging        | |  1.6
Spellcasting   | |  2.7
Air Magic      | |  0.4

Action                     |  1- 3 |  4- 6 || total
---------------------------+-------+-------++-------
  Melee: Unarmed           |    11 |       ||    11
         Club              |     1 |       ||     1
         Short sword       |    21 |     1 ||    22
         Dagger            |       |    13 ||    13
  Throw: Javelin           |     1 |       ||     1
   Cast: Sting             |    56 |    24 ||    80
         Mercury Vapours   |       |     2 ||     2
   Stab: Sleeping          |     1 |       ||     1
 Armour: Robe              |    33 |       ||    33
         Animal skin       |     2 |     9 ||    11
  Dodge: Dodged            |    51 |    24 ||    75
